 Dungeon Crawl Stone Soup version 0.24.0-1-gfbc8707122 (webtiles) character file.

Game seed: 1111648551865240030, levelgen mode: deterministic

638 Looknius the Poker (level 7, -7/60 HPs)
             Began as a Gnoll Chaos Knight on Oct 28, 2019.
             Was a Plaything of Xom.
             Killed by divine providence
             ... invoked by an orc priest
              (17 damage)
             ... on level 4 of the Dungeon.
             The game lasted 00:21:42 (2978 turns).

Looknius the Poker (Gnoll Chaos Knight)             Turns: 2978, Time: 00:21:43

Health: -7/60      AC: 12    Str: 16    XL:     7   Next: 50%
Magic:  10/10      EV:  6    Int: 15    God:    Xom [....*.]
Gold:   214        SH:  0    Dex: 14    Spells: 11/11 levels left

rFire    . . .     SeeInvis .   a - +1 spear (chaos)
rCold    . . .     Gourm    .   (no shield)
rNeg     . . .     Faith    .   r - +1 plate armour
rPois    .         Spirit   .   s - +2 helmet
rElec    .         Reflect  .   (no cloak)
rCorr    .         Harm     .   o - +0 pair of gloves
MR       .....                  (no boots)
Stlth    ..........             (no amulet)
HPRegen  0.20/turn              (no ring)
MPRegen  0.12/turn              (no ring)

@: about to teleport, hasted, very quick
A: distributed training, fangs 1, deformed body, wild magic 1, strong nose
a: Renounce Religion


You were on level 4 of the Dungeon.
You worshipped Xom.
You were a beloved toy of Xom.
You were not hungry.

You visited 1 branch of the dungeon, and saw 4 of its levels.

You collected 214 gold pieces.

Inventory:

Hand Weapons
 a - a +1 spear of chaos (weapon)
 i - a +1 mace of distortion
 v - a +0 falchion of holy wrath
Missiles
 n - 2 throwing nets (quivered)
 u - 6 datura-tipped darts
Armour
 b - a +2 leather armour
 h - a +0 chain mail
 o - a +0 pair of gloves (worn)
 r - a +1 plate armour (worn)
 s - a +2 helmet (worn)
 t - a +3 ring mail
Wands
 w - a wand of enslavement (8)
Scrolls
 f - 2 scrolls of amnesia
 g - a scroll of remove curse
 l - a scroll of identify
 m - a scroll of teleportation
Potions
 e - a potion of curing {unknown}
 j - a potion of heal wounds {unknown}
 k - 2 potions of mutation
 p - a potion of berserk rage {unknown}
 q - a potion of cancellation {unknown}
 x - a potion of lignification {unknown}
Comestibles
 c - 6 rations


   Skills:
 + Level 7.0 Fighting
 + Level 2.5 Short Blades
 + Level 2.5 Long Blades
 + Level 2.5 Axes
 + Level 2.5 Maces & Flails
 + Level 7.0 Polearms
 + Level 2.5 Staves
 + Level 2.5 Slings
 + Level 2.5 Bows
 + Level 2.5 Crossbows
 + Level 2.5 Throwing
 + Level 5.2 Armour
 + Level 3.6 Dodging
 + Level 2.5 Stealth
 + Level 2.5 Shields
 + Level 2.5 Unarmed Combat
 + Level 2.5 Spellcasting
 + Level 2.0 Conjurations
 + Level 2.0 Hexes
 + Level 2.0 Charms
 + Level 2.0 Summonings
 + Level 2.0 Necromancy
 + Level 2.0 Translocations
 + Level 2.0 Transmutations
 + Level 2.0 Fire Magic
 + Level 2.0 Ice Magic
 + Level 2.0 Air Magic
 + Level 2.0 Earth Magic
 + Level 2.0 Poison Magic
 + Level 2.7 Invocations
 + Level 2.5 Evocations


You had 11 spell levels left.
You didn't know any spells.
Your spell library was empty.

Dungeon Overview and Level Annotations

Branches:
Dungeon (4/15)
 Temple: D:4-7

Altars:
Sif Muna
Xom
Yredelemnul

Annotations:
D:3 Natasha


Innate Abilities, Weirdness & Mutations

Your experience applies equally to all skills.
You have very sharp teeth.
Your uncanny sense of smell can sniff out nearby items.
Armour fits poorly on your strangely shaped body.
Your spells are a little harder to cast, but a little more powerful.


Message History

* * * LOW HITPOINT WARNING * * *
The orc closely misses the orc.
The orc hits you.
* * * LOW HITPOINT WARNING * * *
"Hum-dee-hum-dee-hum..."
The orc evaporates and reforms as a leopard gecko!
The orc wizard hits you with a +0 dagger.
* * * LOW HITPOINT WARNING * * *
The orc priest calls upon Beogh to heal the orc wizard.
The orc wizard is healed somewhat.
The orc barely misses the orc.
You feel yourself speed up.
The orc wizard hits you but does no damage.
The leopard gecko closely misses you. The orc wizard casts a spell at you.
You resist with some effort.
Something hits the orc.
Something hits the orc.
The orc is killed!
The orc priest mumbles some strange prayers to Beogh against you.
Beogh smites you!
You die...
Xom roars with laughter!

...... ∆ .....##
..... .... #o. #o# ∆
#o# #
############)#.##.##
........@l.†[.......
.#####o..oro#.##+##
#.######... #.# ....
∆ ##.##### .....
#....(.# ....
#..###.# ....
###..#<# ∆ #......#


You could see an orc priest, an orc wizard, an orc (confused), a leopard gecko
and a quokka.

Vanquished Creatures
  Sigmund (D:2)
  An ogre (D:2)
  2 orc priests (D:3)
  2 orc wizards
  Natasha (D:3)
  Terence (D:2)
  A hound skeleton (D:3)
  Robin (D:2)
  A gnoll (D:1)
  2 adders (D:3)
  An ooze (D:1)
  A dart slug (D:3)
  10 orcs
  A giant cockroach (D:1)
  10 goblins
  9 hobgoblins
  10 jackals
  A ball python (D:2)
  8 bats
  2 frilled lizards
  7 kobolds
  4 rats
  A spectral orc (D:2)
78 creatures vanquished.

Vanquished Creatures (collateral kills)
  3 orc priests
  4 gnolls (D:2)
  An adder (D:2)
  5 orcs
  2 hobgoblins (D:2)
  A jackal (D:2)
  A kobold (D:2)
  2 bats (D:2)
  4 goblins (D:2)
  2 rats
25 creatures vanquished.

Vanquished Creatures (others)
  An orc wizard (D:4)
1 creature vanquished.

Grand Total: 104 creatures vanquished

Notes
Turn   | Place    | Note
-------+----------+-------------------------------------------
     0 | D:1      | Looknius the Gnoll Chaos Knight began the quest for the
                  | Orb.
     0 | D:1      | Reached XP level 1. HP: 23/23 MP: 1/1
    17 | D:1      | XOM: harmless Summ miscast
   196 | D:1      | Reached XP level 2. HP: 29/29 MP: 2/2
   323 | D:1      | XOM: divination: magic mapping
   612 | D:1      | XOM: confuse monster(s)
   796 | D:1      | Reached XP level 3. HP: 35/35 MP: 3/3
  1135 | D:2      | Reached skill level 1 in Invocations
  1135 | D:2      | Reached skill level 1 in Short Blades
  1135 | D:2      | Reached skill level 1 in Long Blades
  1135 | D:2      | Reached skill level 1 in Axes
  1135 | D:2      | Reached skill level 1 in Maces & Flails
  1135 | D:2      | Reached skill level 1 in Staves
  1135 | D:2      | Reached skill level 1 in Slings
  1135 | D:2      | Reached skill level 1 in Bows
  1135 | D:2      | Reached skill level 1 in Crossbows
  1135 | D:2      | Reached skill level 1 in Throwing
  1135 | D:2      | Reached skill level 1 in Stealth
  1135 | D:2      | Reached skill level 1 in Shields
  1135 | D:2      | Reached skill level 1 in Unarmed Combat
  1135 | D:2      | Reached skill level 1 in Spellcasting
  1135 | D:2      | Reached skill level 1 in Evocations
  1138 | D:2      | Reached XP level 4. HP: 32/41 MP: 5/5
  1193 | D:2      | Noticed an ogre
  1201 | D:2      | Killed an ogre
  1201 | D:2      | Reached skill level 1 in Conjurations
  1201 | D:2      | Reached skill level 1 in Hexes
  1201 | D:2      | Reached skill level 1 in Charms
  1201 | D:2      | Reached skill level 1 in Summonings
  1201 | D:2      | Reached skill level 1 in Necromancy
  1201 | D:2      | Reached skill level 1 in Translocations
  1201 | D:2      | Reached skill level 1 in Transmutations
  1201 | D:2      | Reached skill level 1 in Fire Magic
  1201 | D:2      | Reached skill level 1 in Ice Magic
  1201 | D:2      | Reached skill level 1 in Air Magic
  1201 | D:2      | Reached skill level 1 in Earth Magic
  1201 | D:2      | Reached skill level 1 in Poison Magic
  1201 | D:2      | Reached XP level 5. HP: 28/47 MP: 5/7
  1242 | D:2      | Noticed Terence
  1271 | D:2      | Killed Terence
  1545 | D:2      | Noticed Robin
  1555 | D:2      | XOM: summons 5 friendly demons
  1590 | D:2      | Killed Robin
  1633 | D:2      | XOM: divination: magic mapping
  1651 | D:2      | Noticed Sigmund
  1684 | D:2      | Killed Sigmund
  1684 | D:2      | Reached skill level 5 in Armour
  1684 | D:2      | Reached XP level 6. HP: 35/53 MP: 7/9
  1757 | D:2      | Found a basalt altar of Yredelemnul.
  1852 | D:3      | Gained mutation: Armour fits poorly on your strangely
                  | shaped body. [potion of mutation]
  1852 | D:3      | Gained mutation: Your spells are a little harder to cast,
                  | but a little more powerful. [potion of mutation]
  2107 | D:3      | Noticed Natasha
  2110 | D:3      | Reached XP level 7. HP: 59/59 MP: 10/10
  2115 | D:3      | Killed Natasha
  2144 | D:3      | XOM: snakes to sticks
  2163 | D:3      | XOM: summons friendly white imp
  2286 | D:3      | Found a shimmering blue altar of Sif Muna.
  2329 | D:3      | Noticed Natasha
  2338 | D:3      | XOM: 4-stop teleportation journey
  2465 | D:3      | XOM: summons friendly shadow imp
  2475 | D:3      | XOM: scenery: create altars
  2589 | D:3      | XOM: 4-stop teleportation journey
  2948 | D:4      | XOM: divination: detect items
  2958 | D:4      | XOM: confuse monster(s)
  2975 | D:4      | XOM: polymorph orc -> leopard gecko
  2978 | D:4      | Killed from afar by an orc priest

Levels and vault maps discovered:
D:1:      lemuel_arrival_behind_the_door_large, layout_basic
D:2:      layout_rooms, yredelemnul_forgotten_temple_becter, uniq_robin,
          uniq_sigmund, uniq_terence
D:3:      layout_loops_ring, lemuel_coloured_pillars_altar,
          kennysheep_generic_room_13, uniq_natasha
D:4:      layout_basic, gammafunk_temple_overflow_wave, vehumet_altar_wand_db,
          first_ration, nemelex_xobeh_ov_fountains_minmay

Skill      XL: |  1  2  3  4  5  6  7 |
---------------+----------------------+-----
Invocations    | 1 2 |  2.7
Short Blades   | 1 2 |  2.5
Long Blades    | 1 2 |  2.5
Axes           | 1 2 |  2.5
Maces & Flails | 1 2 |  2.5
Staves         | 1 2 |  2.5
Slings         | 1 2 |  2.5
Bows           | 1 2 |  2.5
Crossbows      | 1 2 |  2.5
Throwing       | 1 2 |  2.5
Stealth        | 1 2 |  2.5
Shields        | 1 2 |  2.5
Unarmed Combat | 1 2 |  2.5
Spellcasting   | 1 2 |  2.5
Evocations     | 1 2 |  2.5
Conjurations   | 1 2 |  2.0
Hexes          | 1 2 |  2.0
Charms         | 1 2 |  2.0
Summonings     | 1 2 |  2.0
Necromancy     | 1 2 |  2.0
Translocations | 1 2 |  2.0
Transmutations | 1 2 |  2.0
Fire Magic     | 1 2 |  2.0
Ice Magic      | 1 2 |  2.0
Air Magic      | 1 2 |  2.0
Earth Magic    | 1 2 |  2.0
Poison Magic   | 1 2 |  2.0
Dodging        | 3 |  3.6
Armour         | 5 |  5.2
Fighting       | 7 |  7.0
Polearms       | 7 |  7.0

Action                   |  1- 3 |  4- 6 |  7- 9 || total
-------------------------+-------+-------+-------++-------
Melee: Spear             |    72 |   140 |   117 ||   329
       Bite              |    10 |    20 |    13 ||    43
  Use: Scroll            |       |     5 |     2 ||     7
       Potion            |       |     2 |     1 ||     3
 Stab: Sleeping          |     1 |       |       ||     1
       Confused          |     1 |     1 |     1 ||     3
       Petrified         |       |    10 |       ||    10
       Petrifying        |       |     1 |       ||     1
       Paralysed         |       |       |     1 ||     1
  Eat: Ration            |       |     1 |     1 ||     2
       Chunk             |       |       |     1 ||     1
Armor: Leather armour    |     6 |       |       ||     6
       Chain mail        |    51 |    32 |       ||    83
       Plate armour      |       |    73 |    84 ||   157
Dodge: Dodged            |    36 |    39 |    30 ||   105
